 Dungeon Crawl Stone Soup version 0.26-a0-651-gb41185065b (webtiles) character file.

Game seed: 14757973256033687544

18649 vurker the Covert (level 12, -3/91 HPs)
             Began as a Gnoll Enchanter on Oct 21, 2020.
             Was a High Priest of Cheibriados.
             Slain by a red draconian
             ... wielding a +0 halberd of flaming
              (13 damage)
             ... in a volcano.
             The game lasted 00:21:45 (13097 turns).

vurker the Covert (Gnoll Enchanter)                Turns: 13097, Time: 00:21:46

Health: -3/91      AC: 10    Str: 27    XL:     12   Next: 60%
Magic:  21/25      EV: 21    Int: 34    God:    Cheibriados [*****.]
Gold:   991        SH: 13    Dex: 30    Spells: 29/29 levels left

rFire    + . .     SeeInvis .   A - +5 falchion "Murmur" {flame, rPois Dex+3}
rCold    . . .     Faith    .   d - +0 buckler
rNeg     . . .     Spirit   .   H - +1 troll leather armour {Snorg}
rPois    +         Reflect  +   (no helmet)
rElec    .         Harm     .   j - +0 cloak
rCorr    .         Rampage  .   (no gloves)
MR       .....                  i - +1 pair of boots
Stlth    +++++.....             b - amulet of reflection
HPRegen  0.65/turn              C - ring of protection from fire
MPRegen  0.19/turn              y - +6 ring of strength

@: very slow
A: distributed training, fangs 1, strong nose
a: Bend Time, Temporal Distortion, Slouch, Step From Time, Renounce Religion


You were in a volcano.
You worshipped Cheibriados.
Cheibriados was extremely pleased with you.
You visited 3 branches of the dungeon, and saw 13 of its levels.
You also visited: Volcano.

You collected 1030 gold pieces.
You spent 39 gold pieces at shops.

Inventory:

Hand Weapons
 A - the +5 falchion "Murmur" (weapon) {flame, rPois Dex+3}
   (You found it on level 4 of the Dungeon)

   It has been specially enchanted to burn those struck by it, causing extra
   injury to most foes and up to half again as much damage against particularly
   susceptible opponents.
   Big, fiery blades are also staple armaments of hydra-hunters.
   It affects your dexterity (+3).
   It protects you from poison.
 J - a +1 broad axe
   (You found it on level 10 of the Dungeon)
Missiles
 E - 6 throwing nets (quivered)
Armour
 d - a +0 buckler (worn)
   (You found it on level 1 of the Dungeon)
 i - a +1 pair of boots (worn)
   (You found it on level 2 of the Dungeon)
 j - a +0 cloak (worn)
   (You found it on level 1 of the Dungeon)
 q - a +0 plate armour
   (You found it on level 4 of the Dungeon)
 D - a +1 cloak of stealth
   (You took it off Maurice on level 10 of the Dungeon)
 H - a +1 troll leather armour (worn) {Snorg}
   (You found it on level 10 of the Dungeon)
Jewellery
 b - an amulet of reflection (around neck)
   (You found it on level 3 of the Dungeon)
 p - an uncursed ring of wizardry
   (You found it on level 2 of the Dungeon)
 s - a +4 ring of evasion
   (You found it on level 6 of the Dungeon)
 y - a +6 ring of strength (right hand)
   (You found it on level 4 of the Dungeon)
 C - a ring of protection from fire (left hand)
   (You found it on level 5 of the Dungeon)
 F - a +6 ring of intelligence
   (You found it on level 4 of the Dungeon)
 I - an uncursed ring of poison resistance
   (You took it off an orc wizard on level 10 of the Dungeon)
Wands
 t - a wand of flame (52)
   (You found it on level 5 of the Dungeon)
 v - a wand of polymorph (10)
   (You found it on level 5 of the Dungeon)
 x - a wand of acid (9)
   (You found it on level 10 of the Dungeon)
 G - a wand of enslavement (3)
   (You took it off Psyche on level 8 of the Dungeon)
Scrolls
 f - 2 scrolls of fog
 g - 6 scrolls of remove curse
 h - 6 scrolls of amnesia
 m - 3 scrolls of fear
 r - 3 scrolls of teleportation
 w - 6 scrolls of blinking
 z - 2 scrolls of enchant armour
 K - a scroll of immolation
 M - a scroll of identify
Potions
 a - 2 potions of might
 c - 3 potions of mutation
 e - 3 potions of lignification
 k - 7 potions of curing
 n - 3 potions of ambrosia
 o - a potion of resistance
 u - 2 potions of heal wounds {unknown}
 B - 2 potions of cancellation {unknown}
 L - a potion of flight {unknown}


   Skills:
 + Level 7.4 Fighting
 + Level 7.9 Short Blades
 + Level 7.4 Long Blades
 + Level 7.4 Axes
 + Level 7.4 Maces & Flails
 + Level 7.4 Polearms
 + Level 7.4 Staves
 + Level 7.4 Slings
 + Level 7.4 Bows
 + Level 7.4 Crossbows
 + Level 7.4 Throwing
 + Level 7.4 Armour
 + Level 8.8 Dodging
 + Level 9.6 Stealth
 + Level 7.4 Shields
 + Level 7.4 Unarmed Combat
 + Level 9.1 Spellcasting
 + Level 6.2 Conjurations
 + Level 8.3 Hexes
 + Level 6.2 Summonings
 + Level 6.2 Necromancy
 + Level 6.2 Translocations
 + Level 6.2 Transmutations
 + Level 6.2 Fire Magic
 + Level 6.2 Ice Magic
 + Level 6.2 Air Magic
 + Level 6.2 Earth Magic
 + Level 6.2 Poison Magic
 + Level 8.2 Invocations
 + Level 7.4 Evocations


You had 29 spell levels left.
You didn't know any spells.
Your spell library contained the following spells:

 Spells                   Type           Power        Failure   Level
 Corona                   Hex            ######.      1%          1
 Freeze                   Ice            ####         1%          1
 Sting                    Tmut/Pois      ####         1%          1
 Ensorcelled Hibernation  Hex/Ice        ######       1%          2
 Confusing Touch          Hex            ######..     1%          3
 Dazzling Flash           Conj/Hex       ######       1%          3
 Frozen Ramparts          Ice            ######       1%          3
 Ozocubu's Armour         Ice            ######..     1%          3
 Spider Form              Tmut/Pois      ######....   1%          3
 Tukima's Dance           Hex            ######..     1%          3
 Hailstorm                Conj/Ice       ######..     2%          4
 Summon Ice Beast         Ice/Summ       ######..     2%          4
 Fireball                 Conj/Fire      ######....   7%          5
 Irradiate                Conj/Tmut      ######....   7%          5
 Hydra Form               Tmut           ######....   36%         6
 Statue Form              Tmut/Erth      ######...    36%         6
 Dragon Form              Tmut           ######....   91%         7
 Chain Lightning          Conj/Air       ######....   100%        8
 Lehudib's Crystal Spear  Conj/Erth      ######....   100%        8
 Absolute Zero            Ice            ######....   100%        9
 Fire Storm               Conj/Fire      ######....   100%        9


Dungeon Overview and Level Annotations

Branches:
Dungeon (11/15)            Temple (1/1) D:4            Lair (1/6) D:10
    Orc (0/2) D:10        Volcano (1/1)

Altars:
Ashenzari
Cheibriados
Dithmenos
Elyvilon
Fedhas
Hepliaklqana
Kikubaaqudgha
Makhleb
Nemelex Xobeh
Okawaru
Qazlal
Ru
Sif Muna
Trog
Uskayaw
Vehumet
Wu Jian
Xom
Yredelemnul
Zin

Shops:
D:5 !   D:7 (

Annotations:
D:6 2 transporters


Innate Abilities, Weirdness & Mutations

Your experience applies equally to all skills.
You have very sharp teeth.
Your uncanny sense of smell can sniff out nearby items.


Message History

You open the door.
There is an open door, spattered with blood here.
Things that are here:
a +0 dagger; a +0 robe
There is a burning altar of Makhleb here.
Items here: )) ††.
You open the door.
A red draconian comes into view. It is wielding a +0 halberd of flaming.
Found a rocky tunnel leading out of this place.
There is an open door here.
The red draconian roars!
The red draconian breathes flames at you.
The searing blast hits you! You resist.
The red draconian hits you with a +0 halberd of flaming!!
The red draconian burns you.
You hit the red draconian.
You bite the red draconian, but do no damage.
You are engulfed in blazing flames.
You resist.
The red draconian breathes flames at you.
The searing blast hits you! You resist.
* * * LOW HITPOINT WARNING * * *
You can feel time thicken for a moment.
Cheibriados lowers the support of your attributes as your movement quickens.
You are engulfed in blazing flames.
You resist.
* * * LOW HITPOINT WARNING * * *
You block the red draconian's attack.
Unknown command.
Okay, then.
Aim: a red draconian, wielding a +0 halberd of flaming and wearing a +0 cloak (moderately wounded, catching its breath)
The bolt of acid hits the red draconian!
The red draconian is splashed with acid.
You are engulfed in blazing flames.
You resist.
* * * LOW HITPOINT WARNING * * *
Okay, then.
You hit the red draconian but do no damage.
The air gets thick with the scent of sulphur.
You are engulfed in blazing flames.
You resist.
* * * LOW HITPOINT WARNING * * *
You block the red draconian's attack.
Unknown command.
Aim: a red draconian, wielding a +0 halberd of flaming and wearing a +0 cloak (moderately wounded)
The bolt of acid hits the red draconian!
The red draconian is splashed with acid!
The acid corrodes the red draconian!
The red draconian breathes flames at you.
The searing blast hits you! You resist.
* * * LOW HITPOINT WARNING * * *
The volcano roars to life, belching forth lava!
The red draconian hits you with a +0 halberd of flaming!
You die...

############
+.....'§...#
#)8_8.#@d∩.#
#..)..#....#
###'###++###
#.# .≈§ ≈§≈
#.# #..≈§§≈≈≈
∆∆∆ #.# ∆∆∆
#.≈≈≈§≈§§ ∆∆∆
#.# ∆∆∆
#.§§§≈§§≈§≈≈§
∆∆ #.# ∆∆
#.§§§§§≈≈≈≈≈≈
§≈≈ #.#
#.≈§≈≈§§≈§≈≈§


You could see a red draconian (catching breath, corroded).

Vanquished Creatures
  Snorg (D:10)
  Harold (D:8)
  A two-headed ogre (D:10)
  Nergalle (D:10)
  A salamander mystic (Volcano)
  An unseen horror (D:10)
  Pikel (D:5)
  A manticore (D:11)
  2 cyclopes (D:11)
  3 salamanders (Volcano)
  Maurice (D:10)
  Psyche (D:8)
  Joseph (D:7)
  A komodo dragon (D:10)
  A troll (D:10)
  5 hippogriffs
  A vampire (D:9)
  7 yaks
  A steam dragon (D:10)
  3 basilisks
  Grum (D:11)
  Menkaure (D:6)
  A water moccasin (D:7)
  7 orc warriors
  2 ice beasts
  4 sky beasts
  A black bear (D:9)
  An eye of draining (D:8)
  A necrophage (D:10)
  5 phantoms
  6 centaurs
  8 ogres
  3 wolves (D:10)
  2 crocodiles
  2 big kobolds
  Blork the orc (D:6)
  6 bullfrogs
  3 gnoll sergeants
  5 scorpions
  18 killer bees
  16 wights
  3 howler monkeys
  2 bullfrog zombies
  2 quasits
  A centaur zombie (D:6)
  4 hounds
  6 lava snakes (Volcano)
  A jelly (D:7)
  8 orc priests
  3 centaur skeletons
  4 iguanas
  9 orc wizards
  8 worker ants
  2 hound skeletons
  2 hound zombies
  2 worker ant zombies (D:11)
  8 gnolls
  8 adders
  2 shadow imps
  2 white imps
  An ufetubus (D:5)
  3 oozes
  An adder skeleton (D:10)
  2 worms
  2 dart slugs
  8 leopard geckos
  52 orcs
  A ball python (D:1)
  7 bats
  10 giant cockroaches
  9 goblins
  11 hobgoblins
  14 jackals
  5 quokkas
  4 frilled lizards
  12 kobolds
  5 rats
353 creatures vanquished.

Vanquished Creatures (collateral kills)
  A gnoll sergeant (D:10)
1 creature vanquished.

Vanquished Creatures (others)
  An orc warrior (D:10)
  3 toadstools (D:9)
4 creatures vanquished.

Grand Total: 358 creatures vanquished

Notes
Turn   | Place    | Note
-------+----------+-------------------------------------------
     0 | D:1      | vurker the Gnoll Enchanter began the quest for the Orb.
     0 | D:1      | Reached XP level 1. HP: 13/13 MP: 6/6
   364 | D:1      | Reached XP level 2. HP: 16/19 MP: 7/7
  1220 | D:2      | Reached XP level 3. HP: 25/25 MP: 9/9
  1241 | D:2      | Reached skill level 5 in Spellcasting
  1251 | D:2      | Reached skill level 1 in Invocations
  1353 | D:2      | Reached skill level 1 in Fighting
  1353 | D:2      | Reached skill level 1 in Long Blades
  1353 | D:2      | Reached skill level 1 in Axes
  1353 | D:2      | Reached skill level 1 in Maces & Flails
  1353 | D:2      | Reached skill level 1 in Polearms
  1353 | D:2      | Reached skill level 1 in Staves
  1353 | D:2      | Reached skill level 1 in Slings
  1353 | D:2      | Reached skill level 1 in Bows
  1353 | D:2      | Reached skill level 1 in Crossbows
  1353 | D:2      | Reached skill level 1 in Throwing
  1353 | D:2      | Reached skill level 1 in Armour
  1353 | D:2      | Reached skill level 1 in Shields
  1353 | D:2      | Reached skill level 1 in Unarmed Combat
  1353 | D:2      | Reached skill level 1 in Evocations
  1353 | D:2      | Reached XP level 4. HP: 32/32 MP: 11/11
  1855 | D:2      | Found a faded altar of an unknown god.
  2013 | D:2      | Found a shimmering blue altar of Sif Muna.
  2244 | D:3      | Reached skill level 1 in Conjurations
  2244 | D:3      | Reached skill level 1 in Summonings
  2244 | D:3      | Reached skill level 1 in Necromancy
  2244 | D:3      | Reached skill level 1 in Translocations
  2244 | D:3      | Reached skill level 1 in Transmutations
  2244 | D:3      | Reached skill level 1 in Fire Magic
  2244 | D:3      | Reached skill level 1 in Ice Magic
  2244 | D:3      | Reached skill level 1 in Air Magic
  2244 | D:3      | Reached skill level 1 in Earth Magic
  2244 | D:3      | Reached skill level 1 in Poison Magic
  2305 | D:3      | Noticed a centaur
  2319 | D:3      | Killed a centaur
  2319 | D:3      | Reached XP level 5. HP: 33/37 MP: 12/12
  2547 | D:3      | You fall into a shaft and drop 1 floor!
  3127 | D:3      | Reached XP level 6. HP: 44/44 MP: 13/13
  3285 | D:4      | Reached skill level 5 in Dodging
  3452 | D:4      | Got a brightly glowing falchion
  3467 | D:4      | Identified the +5 falchion "Murmur" {flame, rPois Dex+3}
                  | (You found it on level 4 of the Dungeon)
  3921 | D:4      | Found a staircase to the Ecumenical Temple.
  3944 | Temple   | Entered the Ecumenical Temple
  4037 | Temple   | Became a worshipper of Cheibriados the Contemplative
  4300 | D:5      | Entered Level 5 of the Dungeon
  4300 | D:5      | Noticed a phantom
  4308 | D:5      | Killed a phantom
  4308 | D:5      | Reached XP level 7. HP: 44/50 MP: 15/15
  5034 | D:5      | Noticed Pikel
  5052 | D:5      | Killed Pikel
  5052 | D:5      | Reached XP level 8. HP: 55/58 MP: 15/17
  5053 | D:5      | Reached * piety under Cheibriados
  5109 | D:5      | Found Venwecv Itye's Distillery.
  5112 | D:5      | Bought a potion of curing for 39 gold pieces
  5215 | D:6      | Noticed Menkaure
  5251 | D:6      | Killed Menkaure
  5446 | D:6      | Found a transporter.
  5448 | D:6      | Noticed a cyan ugly thing
  5450 | D:6      | Found a transporter.
  5469 | D:6      | Found a white marble altar of Elyvilon.
  5564 | D:6      | Found a bloodstained altar of Trog.
  5661 | D:6      | Reached XP level 9. HP: 65/65 MP: 18/18
  5874 | D:6      | Reached ** piety under Cheibriados
  6214 | D:6      | Noticed Blork the orc
  6224 | D:6      | Killed Blork the orc
  6489 | D:7      | Reached skill level 5 in Short Blades
  6883 | D:7      | Found a bloodstained altar of Trog.
  6883 | D:7      | Found a shimmering altar of Xom.
  6884 | D:7      | Found a broken altar of Ashenzari.
  6904 | D:7      | Reached skill level 5 in Invocations
  7105 | D:7      | Found Isoinif's Weapon Shop.
  7126 | D:7      | Reached XP level 10. HP: 65/73 MP: 20/20
  7282 | D:7      | Reached *** piety under Cheibriados
  7370 | D:7      | Noticed Joseph
  7384 | D:7      | Killed Joseph
  7384 | D:7      | Reached skill level 5 in Fighting
  7384 | D:7      | Reached skill level 5 in Long Blades
  7384 | D:7      | Reached skill level 5 in Axes
  7384 | D:7      | Reached skill level 5 in Maces & Flails
  7384 | D:7      | Reached skill level 5 in Polearms
  7384 | D:7      | Reached skill level 5 in Staves
  7384 | D:7      | Reached skill level 5 in Slings
  7384 | D:7      | Reached skill level 5 in Bows
  7384 | D:7      | Reached skill level 5 in Crossbows
  7384 | D:7      | Reached skill level 5 in Throwing
  7384 | D:7      | Reached skill level 5 in Armour
  7384 | D:7      | Reached skill level 5 in Shields
  7384 | D:7      | Reached skill level 5 in Unarmed Combat
  7384 | D:7      | Reached skill level 5 in Evocations
  8454 | D:8      | Noticed Psyche
  8460 | D:8      | Killed Psyche
  8460 | D:8      | Reached **** piety under Cheibriados
  8570 | D:8      | Noticed Harold
  8588 | D:8      | Killed Harold
  9095 | D:9      | Reached XP level 11. HP: 74/81 MP: 22/22
  9263 | D:9      | Reached ***** piety under Cheibriados
  9393 | D:9      | Found a sparkling altar of Nemelex Xobeh.
  9767 | D:9      | Got a smoking ring mail
  9782 | D:9      | Identified the cursed +0 ring mail of the Lobster {Str+5
                  | Int+2} (You found it on level 9 of the Dungeon)
  9908 | D:9      | Reached skill level 5 in Conjurations
  9908 | D:9      | Reached skill level 5 in Summonings
  9908 | D:9      | Reached skill level 5 in Necromancy
  9908 | D:9      | Reached skill level 5 in Translocations
  9908 | D:9      | Reached skill level 5 in Transmutations
  9908 | D:9      | Reached skill level 5 in Fire Magic
  9908 | D:9      | Reached skill level 5 in Ice Magic
  9908 | D:9      | Reached skill level 5 in Air Magic
  9908 | D:9      | Reached skill level 5 in Earth Magic
  9908 | D:9      | Reached skill level 5 in Poison Magic
 10006 | D:10     | Entered Level 10 of the Dungeon
 10006 | D:10     | Noticed a two-headed ogre
 10013 | D:10     | Killed a two-headed ogre
 10563 | D:10     | Killed an unseen horror
 10567 | D:10     | Found a sparkling altar of Nemelex Xobeh.
 10618 | D:10     | Noticed Snorg
 10632 | D:10     | Found a staircase to the Orcish Mines.
 10889 | D:10     | Killed Snorg
 11467 | D:10     | Found a staircase to the Lair.
 11805 | D:11     | Noticed Maurice
 11805 | D:11     | Noticed Grum
 11805 | D:11     | Noticed Nergalle
 11903 | D:10     | Reached XP level 12. HP: 64/89 MP: 24/24
 12004 | D:10     | Killed Maurice
 12020 | D:11     | Killed Grum
 12038 | D:10     | Killed Nergalle
 12206 | D:11     | Identified the Disquisition on Flamy Poisoning
 12787 | Lair:1   | Entered Level 1 of the Lair of Beasts
 12812 | Lair:1   | Found a dark tunnel.
 12821 | Volcano  | Entered a volcano
 12977 | Volcano  | Found a burning altar of Makhleb.
 13089 | Volcano  | Noticed a red draconian
 13097 | Volcano  | Slain by a red draconian

Illustrated notes

Levels and vault maps discovered:
D:1:      dpeg_arrival_lava_temple_mockup, layout_loops_corners
D:2:      wander_river, layout_rooms, chequers_ecumenical_altar_grove,
          lemuel_blue_sif_altar
D:3:      layout_basic
D:4:      layout_gridville, minmay_temple_entry_offerings, kennysheep_dice
D:5:      layout_rooms, serial_shops, nicolae_shop_behind_doors,
          due_unseen_surprise, uniq_pikel
D:6:      layout_loops_cross, gammafunk_temple_overflow_arena, basic_altar,
          uniq_menkaure, uniq_blork_the_orc
D:7:      layout_basic, chequers_temple_overflow_statue_of_worship,
          serial_shops, kennysheep_mini, kennysheep_generic_room_9, uniq_joseph
D:8:      layout_rooms, uniq_psyche, uniq_harold
D:9:      layout_cave_pools, nemelex_xobeh_ov_fountains_minmay,
          minmay_gold_behind_fungi, corner_web_ring
D:10:     layout_cave_pools, erik_lair_dragon,
          kennysheep_orc_monster_closet_entryway, basic_altar,
          serial_column_ruins, column_ruins_columns_straight,
          column_ruins_open_large, column_ruins_corridor_water,
          column_ruins_corridor_dead_end, column_ruins_grid_3,
          column_ruins_open_large, uniq_snorg
D:11:     layout_gridville, minmay_door_square, minmay_radiant, uniq_maurice,
          uniq_grum, uniq_nergalle
Temple:   regret_index_temple_sphere_string
Lair:1:   layout_cave_pods, gauntlet_entry_generic,
          nicolae_volcano_entry_hallway, beast_lair_carwin_2, uniq_erica
Volcano:  volcano_lake [vl_original]

Skill      XL: |  1  2  3  4  5  6  7  8  9 10 11 12 |
---------------+-------------------------------------+-----
Stealth        | 6 7 8 9 |  9.6
Spellcasting   | 5 6 7 8 9 |  9.1
Invocations    | 1 2 3 4 5 6 7 8 |  8.2
Fighting       | 1 2 3 4 5 6 7 |  7.4
Long Blades    | 1 2 3 4 5 6 7 |  7.4
Axes           | 1 2 3 4 5 6 7 |  7.4
Maces & Flails | 1 2 3 4 5 6 7 |  7.4
Polearms       | 1 2 3 4 5 6 7 |  7.4
Staves         | 1 2 3 4 5 6 7 |  7.4
Slings         | 1 2 3 4 5 6 7 |  7.4
Bows           | 1 2 3 4 5 6 7 |  7.4
Crossbows      | 1 2 3 4 5 6 7 |  7.4
Throwing       | 1 2 3 4 5 6 7 |  7.4
Armour         | 1 2 3 4 5 6 7 |  7.4
Shields        | 1 2 3 4 5 6 7 |  7.4
Unarmed Combat | 1 2 3 4 5 6 7 |  7.4
Evocations     | 1 2 3 4 5 6 7 |  7.4
Conjurations   | 1 2 3 4 5 6 |  6.2
Summonings     | 1 2 3 4 5 6 |  6.2
Necromancy     | 1 2 3 4 5 6 |  6.2
Translocations | 1 2 3 4 5 6 |  6.2
Transmutations | 1 2 3 4 5 6 |  6.2
Fire Magic     | 1 2 3 4 5 6 |  6.2
Ice Magic      | 1 2 3 4 5 6 |  6.2
Air Magic      | 1 2 3 4 5 6 |  6.2
Earth Magic    | 1 2 3 4 5 6 |  6.2
Poison Magic   | 1 2 3 4 5 6 |  6.2
Short Blades   | 3 4 5 6 7 |  7.9
Dodging        | 5 6 7 8 |  8.8
Hexes          | 6 7 8 |  8.3

Action                   |  1- 3 |  4- 6 |  7- 9 | 10-12 || total
-------------------------+-------+-------+-------+-------++-------
Melee: Dagger            |    86 |   215 |       |       ||   301
       Bite              |     2 |    24 |    48 |   157 ||   231
       Falchion          |       |    16 |   275 |   633 ||   924
Invok: Slouch            |       |       |       |     8 ||     8
Evoke: Wand              |       |       |     1 |    13 ||    14
  Use: Scroll            |       |    12 |     4 |     6 ||    22
 Stab: Sleeping          |     9 |     5 |       |     8 ||    22
       Distracted        |       |       |       |     1 ||     1
Armor: Robe              |    22 |    17 |       |       ||    39
       Ring mail         |       |    18 |       |       ||    18
       Leather armour    |       |    29 |       |       ||    29
       Plate armour      |       |       |   108 |   182 ||   290
       Troll leather arm |       |       |       |    41 ||    41
Dodge: Dodged            |    79 |   130 |    78 |   419 ||   706
Block: Buckler           |    20 |   111 |   137 |   516 ||   784
       Reflection        |       |     1 |     3 |    29 ||    33
       Rpst.: Falchion   |       |     2 |    19 |   117 ||   138

Table legend: (Time is in decaauts)
 A = Elapsed time spent in this place.
 B = Non-inter-level travel time spent in this place.
 C = Inter-level travel time spent in this place.
 D = Time resting spent in this place.
 E = Time spent auto-exploring this place.
 F = Levels seen in this place.
 G = Mean time per level.
                   A        B        C        D        E       F      G
               +--------+--------+--------+--------+--------+-----+--------+
         Total |  15772 |  15181 |    591 |    285 |  11733 |  14 | 1126.6 |
       Dungeon |  15248 |  14672 |    576 |    240 |  11538 |  11 | 1386.2 |
        Temple |    111 |     96 |     15 |      0 |     85 |   1 |  111.0 |
          Lair |     55 |     55 |      0 |      0 |      0 |   1 |   55.0 |
       Volcano |    357 |    357 |      0 |     45 |    110 |   1 |  357.0 |
               +--------+--------+--------+--------+--------+-----+--------+

Top non-repeatable levels by time:
    D:10: 2544 daAuts
     D:7: 2378 daAuts
     D:9: 1479 daAuts
     D:6: 1413 daAuts
     D:4: 1221 daAuts
     D:1: 1207 daAuts
    D:11: 1153 daAuts
     D:5: 1096 daAuts
     D:2: 1019 daAuts
     D:8: 941 daAuts
     D:3: 793 daAuts
 Volcano: 357 daAuts
  Temple: 111 daAuts
  Lair:1: 55 daAuts
